 Dungeon Crawl Stone Soup version 0.21.1-1-g345015f (webtiles) character file.

2121 diana the Carver (level 9, 0/67 HPs)
             Began as a Red Draconian Gladiator on June 12, 2018.
             Was a Priest of Okawaru.
             Slain by an ogre
             ... wielding a +0 giant club
              (12 damage)
             ... on level 6 of the Dungeon.
             The game lasted 00:12:14 (7616 turns).

diana the Carver (Red Draconian Gladiator)          Turns: 7616, Time: 00:12:15

Health: 0/67       AC:  7    Str: 18    XL:     9   Next: 8%
Magic:  9/9        EV: 13    Int:  8    God:    Okawaru [***...]
Gold:   198        SH:  3    Dex: 15    Spells: 8/8 levels left

rFire    + . .     SeeInvis .   j - +0 falchion (slice)
rCold    . . .     Gourm    .   (no shield)
rNeg     . . .     Faith    .   (armour unavailable)
rPois    .         Spirit   .   b - +0 hat
rElec    .         Reflect  +   (no cloak)
rCorr    .         Harm     .   (no gloves)
MR       .....                  (no boots)
Stlth    +.........             n - +3 amulet of reflection
HPRegen  0.21/turn              (no ring)
MPRegen  0.11/turn              (no ring)

@: no status effects
A: breathe fire, unfitting armour, fire resistance 1, cold-blooded, AC +7
a: Breathe Fire, Heroism, Renounce Religion


You were on level 6 of the Dungeon.
You worshipped Okawaru.
Okawaru was most pleased with you.
You were hungry.

You visited 1 branch of the dungeon, and saw 6 of its levels.

You collected 198 gold pieces.

Inventory:

Hand Weapons
 j - a +0 falchion of slicing (weapon)
Missiles
 c - a throwing net (quivered)
Armour
 b - a +0 hat (worn)
Jewellery
 n - a +3 amulet of reflection (around neck)
 p - an uncursed ring of magical power {unknown}
Wands
 m - a wand of digging (22)
Scrolls
 a - a scroll of magic mapping {unknown}
 g - 4 scrolls of identify
 h - 6 scrolls of remove curse {unknown}
 i - a scroll of amnesia {unknown}
 k - a scroll of holy word {unknown}
 l - 4 scrolls of teleportation {unknown}
 t - a scroll of random uselessness {unknown}
 u - a scroll of enchant weapon {unknown}
Potions
 e - a potion of invisibility
 f - 5 potions of haste
 o - a potion of agility
 r - a potion of brilliance {unknown}
 s - a potion of curing
Comestibles
 d - 11 rations


   Skills:
 - Level 2.1 Fighting
 + Level 12.1 Long Blades
 - Level 1.7 Throwing
 - Level 2.6 Dodging


You had 8 spell levels left.
You didn't know any spells.

Dungeon Overview and Level Annotations

Branches:
Dungeon (6/15)             Temple (0/1) D:6

Altars:
Fedhas
Okawaru
Qazlal
Vehumet
Yredelemnul
The Shining One

Annotations:
D:4 exclusion: statue


Innate Abilities, Weirdness & Mutations

You can breathe blasts of fire.
Your fiery red scales are hard. (AC +7)
You cannot fit into any form of body armour.
Your flesh is heat resistant. (rF+)
You are cold-blooded and may be slowed by cold attacks.


Message History

The ogre is severely wounded.
You hit the ogre but do no damage.
Your tail-slap misses the ogre.
The ogre is severely wounded.
The ogre hits you with a giant club!!
* * * LOW HITPOINT WARNING * * *
You are too injured to fight recklessly!
You are too injured to fight recklessly!
You are too injured to fight recklessly!
You barely miss the ogre.
The ogre is severely wounded.
You closely miss the ogre.
The ogre is severely wounded.
The ogre hits you with a giant club!
* * * LOW HITPOINT WARNING * * *
You hit the ogre.
The ogre is severely wounded.
You hit the ogre.
The ogre is almost dead.
The ogre hits you with a giant club!
You die...

### ## ...####### #.
#.#.....####### #.
#.............# #. #####
#..8..#####.### ##
......#.............####
......O@................
...........<......#.#.P.
######!.......##..#.##Pā‰ˆ
#........###.#.##.ā‰ˆ
#........# #...##.ā‰ˆ
#........# #...##..
#........# ##..#..#
#........# ##.#.## #...#


You could see an ogre.

Vanquished Creatures
  Pikel (D:4)
  Grinder (D:6)
  Sigmund (D:4)
  A sky beast (D:3)
  A black bear (D:6)
  3 slaves (D:4)
  A scorpion (D:5)
  A howler monkey (D:4)
  2 crimson imps
  3 bullfrog zombies (D:6)
  A centaur zombie (D:6)
  A jelly (D:5)
  Crazy Yiuf (D:2)
  2 bullfrog skeletons
  A hound (D:6)
  6 orc wizards
  2 centaur skeletons (D:6)
  3 iguanas
  Jessica (D:2)
  2 worker ants
  A killer bee zombie (D:6)
  The ghost of Iko the Charmwright, a weakling DsSk of Fedhas (D:4)
  2 hound zombies (D:6)
  2 hound skeletons
  A worker ant zombie (D:6)
  9 adders
  7 gnolls
  2 howler monkey skeletons (D:6)
  2 oozes
  4 adder zombies (D:6)
  An adder skeleton (D:4)
  4 worms
  4 dart slugs
  A leopard gecko (D:3)
  8 orcs
  A giant cockroach (D:2)
  3 goblins
  9 hobgoblins
  21 jackals
  2 quokkas
  A ball python (D:3)
  3 bats
  3 frilled lizards
  A giant cockroach zombie (D:6)
  7 kobolds
  A quokka zombie (D:6)
  11 rats
  2 fungi (D:2)
149 creatures vanquished.

Notes
Turn   | Place    | Note
-------+----------+-------------------------------------------
     0 | D:1      | diana the Draconian Gladiator began the quest for the Orb.
     0 | D:1      | Reached XP level 1. HP: 17/17 MP: 1/1
   239 | D:1      | Reached XP level 2. HP: 24/24 MP: 2/2
   759 | D:1      | Reached skill level 4 in Long Blades
  1021 | D:2      | Reached XP level 3. HP: 25/29 MP: 3/3
  1597 | D:2      | Reached XP level 4. HP: 36/36 MP: 4/4
  1650 | D:2      | Reached skill level 5 in Long Blades
  1813 | D:2      | Noticed Jessica
  1818 | D:2      | Killed Jessica
  1883 | D:2      | Found an iron altar of Okawaru.
  1883 | D:2      | Found a blossoming altar of Fedhas.
  1884 | D:2      | Found a basalt altar of Yredelemnul.
  1967 | D:2      | Reached XP level 5. HP: 32/41 MP: 5/5
  2430 | D:2      | Became a worshipper of Warmaster Okawaru
  2785 | D:2      | Found a runed door.
  2789 | D:2      | Noticed Crazy Yiuf
  2808 | D:2      | Killed Crazy Yiuf
  2808 | D:2      | Reached skill level 6 in Long Blades
  3396 | D:3      | Noticed a sky beast
  3893 | D:3      | Killed a sky beast
  3893 | D:3      | Reached skill level 7 in Long Blades
  3893 | D:3      | Reached XP level 6. HP: 42/48 MP: 6/6
  4715 | D:4      | Noticed a slave
  4742 | D:4      | Killed a slave
  4745 | D:4      | Noticed a slave
  4747 | D:4      | Noticed a slave
  4770 | D:4      | Killed a slave
  4790 | D:4      | Killed a slave
  5226 | D:4      | Noticed Pikel
  5239 | D:4      | Noticed a slave
  5298 | D:4      | Noticed Iko's ghost (weakling DsSk)
  5301 | D:4      | Reached * piety under Okawaru
  5301 | D:4      | Reached skill level 8 in Long Blades
  5301 | D:4      | Your scales start taking on a fiery red colour.
  5301 | D:4      | Reached XP level 7. HP: 55/55 MP: 7/7
  5301 | D:4      | Gained mutation: Your flesh is heat resistant. (rF+) [Red Draconian growth]
  5317 | D:4      | Killed Iko's ghost
  5350 | D:4      | Noticed Sigmund
  5366 | D:4      | Killed Sigmund
  5638 | D:4      | Reached skill level 9 in Long Blades
  5648 | D:4      | Found a radiant altar of Vehumet.
  5865 | D:4      | Killed Pikel
  5865 | D:4      | Reached ** piety under Okawaru
  5865 | D:4      | Reached skill level 10 in Long Blades
  5865 | D:4      | Reached XP level 8. HP: 27/61 MP: 8/8
  6130 | D:5      | Entered Level 5 of the Dungeon
  6168 | D:5      | Found a glowing golden altar of the Shining One.
  6318 | D:5      | Found a stormy altar of Qazlal.
  6754 | D:6      | Noticed Grinder
  6767 | D:6      | Paralysed by Grinder for 2 turns
  6771 | D:6      | Killed Grinder
  6771 | D:6      | Reached skill level 11 in Long Blades
  7156 | D:6      | Found a staircase to the Ecumenical Temple.
  7222 | D:6      | Reached *** piety under Okawaru
  7443 | D:6      | Reached XP level 9. HP: 52/67 MP: 9/9
  7461 | D:6      | Reached skill level 12 in Long Blades
  7616 | D:6      | Slain by an ogre

Skill      XL: |  1  2  3  4  5  6  7  8  9 |
---------------+----------------------------+-----
Long Blades    | 4 5 7 8 10 11 12 | 12.1
Fighting       | |  2.1
Throwing       | |  1.7
Dodging        | |  2.6

Action                   |  1- 3 |  4- 6 |  7- 9 || total
-------------------------+-------+-------+-------++-------
Melee: Long sword        |    89 |   248 |       ||   337
       Tailslap          |    11 |    43 |    51 ||   105
       Falchion          |       |    13 |   266 ||   279
Throw: Throwing net      |       |     3 |       ||     3
 Abil: Breathe Fire      |       |       |     1 ||     1
  Use: Potion            |       |     5 |     1 ||     6
       Scroll            |       |     2 |       ||     2
 Stab: Sleeping          |     1 |     1 |       ||     2
       Invisible         |       |     2 |       ||     2
       Distracted        |       |       |     1 ||     1
  Eat: Chunk             |     2 |     4 |     2 ||     8
       Ration            |       |     2 |     2 ||     4
Armor: Skin              |    19 |    39 |    57 ||   115
Dodge: Dodged            |    59 |   149 |   117 ||   325
Block: Other             |       |     5 |    26 ||    31
       Reflection        |       |       |     1 ||     1
       Rpst.: Long sword |    23 |    50 |       ||    73
       Falchion          |       |     2 |    32 ||    34
